 Dungeon Crawl Stone Soup version 0.18.1-48-g4cf74bf (webtiles) character file.

1800 nikopol the Poker (level 8, -1/73 HPs)
             Began as a Minotaur Berserker on June 24, 2016.
             Was a High Priest of Trog.
             Slain by a sky beast (2 damage)
             ... on level 6 of the Dungeon on June 25, 2016.
             The game lasted 00:12:11 (4462 turns).

nikopol the Poker (Minotaur Berserker)              Turns: 4462, Time: 00:12:11

Health: -1/73      AC:  5    Str: 22    XL:     8   Next: 83%
Magic:  7/7        EV: 15    Int:  4    God:    Trog [*****.]
Gold:   269        SH:  0    Dex: 12    Spells: 0 memorised, 7 levels left

rFire  x . .     SeeInvis .     a - +0 spear
rCold  + . .     Gourm    .     B - +0 leather armour {MR+}
rNeg   . . .     Faith    .     (no shield)
rPois  .         Spirit   .     (helmet restricted)
rElec  .         Dismiss  .     r - +0 cloak
rCorr  .         Reflect  .     (no gloves)
SustAt .         Harm     +     (no boots)
MR     ++...                    y - amulet of harm
Stlth  +.........               z - ring of ice
                                e - ring of protection from magic

@: very resistant to hostile enchantments, very unstealthy
A: retaliatory headbutt, horns 2
a: Berserk, Trog's Hand, Brothers in Arms, Burn Spellbooks, Renounce Religion


You were on level 6 of the Dungeon.
You worshipped Trog.
Trog was extremely pleased with you.
You were very hungry.

You visited 1 branch of the dungeon, and saw 6 of its levels.

You collected 269 gold pieces.

Inventory:

Hand Weapons
 a - a +0 spear (weapon)
Missiles
 n - 49 arrows (quivered)
Armour
 b - a +0 animal skin
 g - a +0 scale mail
 r - a +0 cloak (worn)
 B - a +0 leather armour of magic resistance (worn)
Jewellery
 e - a ring of protection from magic (left hand)
 y - an amulet of harm (around neck)
 z - a ring of ice (right hand)
Wands
 A - a wand of slowing (11/48)
Scrolls
 d - 2 scrolls of random uselessness {unknown}
 i - 2 scrolls of remove curse {unknown}
 j - 4 scrolls of teleportation {unknown}
 k - 2 scrolls of recharging {unknown}
 l - a scroll of noise {unknown}
 o - a scroll of enchant weapon {unknown}
 s - 5 scrolls of identify {unknown}
 u - a scroll of immolation {unknown}
Potions
 f - a potion of curing
 h - 2 potions of haste {unknown}
 m - 3 potions of heal wounds {unknown}
 p - a potion of ambrosia {unknown}
 q - a potion of degeneration {unknown}
 t - 2 potions of invisibility {unknown}
 v - a potion of flight {unknown}
 w - a potion of brilliance {unknown}
Comestibles
 c - 6 bread rations
 x - 3 meat rations


   Skills:
 + Level 7.6 Fighting
 + Level 7.9 Polearms
 + Level 7.2 Armour
 + Level 6.6 Dodging


You had 7 spell levels left.
You didn't know any spells.

Dungeon Overview and Level Annotations

Branches:
Dungeon (6/15)             Temple (0/1) D:6

Altars:
Ashenzari
Dithmenos
Kikubaaqudgha
Yredelemnul
The Shining One

Shops:
D:4 *

Annotations:
D:6 Prince Ribbit


Innate Abilities, Weirdness & Mutations

You reflexively headbutt those who attack you in melee.
You have a pair of horns on your head.


Message History

You hit something. Something hits you. Something shocks you.
Attack whom?
Press: ? - help, Dir - move target cursor, f/p - Prince Ribbit
Aim: Prince Ribbit (almost dead)
You reach to attack!
You barely miss Prince Ribbit.
Prince Ribbit is almost dead.
You miss Prince Ribbit.
Prince Ribbit is almost dead.
Something hits you.
* * * LOW HITPOINT WARNING * * *
Something shocks you.
* * * LOW HITPOINT WARNING * * *
Prince Ribbit blinks!
You miss something. You headbutt something.
Prince Ribbit disappears!
Something hits you.
* * * LOW HITPOINT WARNING * * *
Something shocks you.
* * * LOW HITPOINT WARNING * * *
You miss something. Something hits you.
You die...

#.....#..........#
#######..........#
#..........#
############ #########
#.......#
..####.......###########
......{@§...§...........
..####.......###########
#########


There were no monsters in sight!

Vanquished Creatures
  The ghost of DankDingDong the Sneak, a novice OpAr (D:5)
  Duvessa (D:6)
  A black bear (D:6)
  An ice beast (D:6)
  An orc warrior (D:6)
  An ogre (D:6)
  A giant frog (D:6)
  Dowan (D:6)
  2 scorpions (D:5)
  A howler monkey (D:5)
  A crimson imp (D:6)
  A giant frog zombie (D:6)
  Crazy Yiuf (D:2)
  3 orc priests
  4 hounds (D:4)
  Jessica (D:3)
  Natasha (thrice) (D:3)
  An iguana (D:5)
  3 orc wizards
  2 worker ants
  Robin (D:2)
  3 gnolls (D:2)
  7 adders
  3 shadow imps
  2 oozes
  An adder zombie (D:3)
  2 adder skeletons
  4 worms
  2 giant geckos
  10 orcs
  5 ball pythons
  8 bats
  9 giant cockroaches
  14 goblins
  11 hobgoblins
  4 jackals (D:2)
  3 quokkas
  9 giant newts
  14 kobolds
  12 rats
155 creatures vanquished.

Vanquished Creatures (others)
  A human (D:5)
1 creature vanquished.

Grand Total: 156 creatures vanquished

Notes
Turn   | Place    | Note
--------------------------------------------------------------
     0 | D:1      | nikopol the Minotaur Berserker began the quest for the Orb.
     0 | D:1      | Reached XP level 1. HP: 19/19 MP: 0/0
   142 | D:1      | Reached XP level 2. HP: 16/27 MP: 1/1
   337 | D:1      | Reached ** piety under Trog
   764 | D:2      | Noticed Robin
   768 | D:2      | Reached XP level 3. HP: 33/33 MP: 2/2
   774 | D:2      | Killed Robin
   870 | D:2      | Reached *** piety under Trog
   900 | D:2      | Reached XP level 4. HP: 37/40 MP: 3/3
  1305 | D:2      | Noticed Crazy Yiuf
  1312 | D:2      | Killed Crazy Yiuf
  1383 | D:2      | Reached XP level 5. HP: 26/46 MP: 4/4
  1543 | D:2      | Reached skill level 5 in Polearms
  1699 | D:3      | Found a glowing golden altar of the Shining One.
  1711 | D:3      | Reached **** piety under Trog
  1735 | D:3      | Noticed Natasha
  1745 | D:3      | Killed Natasha
  1821 | D:3      | Noticed Natasha
  1836 | D:3      | Reached XP level 6. HP: 32/53 MP: 5/5
  1840 | D:3      | Killed Natasha
  2078 | D:3      | Noticed Jessica
  2084 | D:3      | Killed Jessica
  2084 | D:3      | Reached skill level 5 in Fighting
  2149 | D:3      | Noticed Natasha
  2150 | D:3      | Killed Natasha
  2508 | D:4      | Reached XP level 7. HP: 61/61 MP: 6/6
  2533 | D:4      | Reached ***** piety under Trog
  2716 | D:4      | Found Irisekof's Assorted Antiques.
  2892 | D:4      | Reached skill level 5 in Armour
  2915 | D:5      | Entered Level 5 of the Dungeon
  2915 | D:5      | Noticed DankDingDong's ghost (novice OpAr)
  2921 | D:5      | Killed DankDingDong's ghost
  2921 | D:5      | Reached skill level 5 in Dodging
  2965 | D:5      | Found an ancient bone altar of Kikubaaqudgha.
  2965 | D:5      | Noticed a human
  2968 | D:5      | Killed a human
  3542 | D:5      | Found a basalt altar of Yredelemnul.
  3545 | D:5      | Found a shadowy altar of Dithmenos.
  3548 | D:5      | Found a shattered altar of Ashenzari.
  3587 | D:5      | Reached XP level 8. HP: 71/71 MP: 7/7
  3724 | D:6      | Found a staircase to the Ecumenical Temple.
  3754 | D:6      | Noticed Dowan
  3756 | D:6      | Noticed Duvessa
  3786 | D:6      | Killed Duvessa
  3797 | D:6      | Killed Dowan
  3968 | D:6      | Noticed Prince Ribbit
  4314 | D:6      | Found a shadowy altar of Dithmenos.
  4461 | D:6      | HP: 1/73 [something (6)]
  4462 | D:6      | Slain by a sky beast

Skill      XL: |  1  2  3  4  5  6  7  8 |
---------------+-------------------------+-----
Polearms       | 4 5 6 7 |  7.9
Armour         | 3 4 5 7 |  7.2
Dodging        | 3 4 5 6 |  6.6
Fighting       | 4 5 6 7 |  7.6

Action                   |  1- 3 |  4- 6 |  7- 9 || total
-------------------------+-------+-------+-------++-------
Melee: Spear             |   127 |   196 |   217 ||   540
       Headbutt          |    11 |    28 |    39 ||    78
Invok: Berserk           |     2 |     2 |     3 ||     7
  Eat: Chunk             |     1 |     8 |     9 ||    18
Armor: Animal skin       |     9 |       |       ||     9
       Scale mail        |    18 |    51 |    39 ||   108
       Leather armour    |       |       |     3 ||     3
Dodge: Dodged            |    72 |    59 |    57 ||   188
